 Dungeon Crawl Stone Soup version 0.25-a0-942-g87a53962fc (webtiles) character file.

Game seed: 12668783495244222450, levelgen mode: deterministic

264 Harunobu the Skirmisher (level 6, -5/66 HPs)
             Began as an Ogre Monk on May 6, 2020.
             Killed from afar by an orc wizard (8 damage)
             ... with a magic dart
             ... on level 4 of the Dungeon.
             The game lasted 00:05:34 (4213 turns).

Harunobu the Skirmisher (Ogre Monk)                 Turns: 4213, Time: 00:05:35

Health: -5/66      AC:  3    Str: 16 (18) XL:     6   Next: 19%
Magic:  15/15      EV: 11    Int: 11      God:
Gold:   142        SH:  0    Dex: 11      Spells: 5/5 levels left

rFire    . . .     SeeInvis .   a - +0 mace
rCold    . . .     Gourm    .   (no shield)
rNeg     . . .     Faith    .   b - +0 robe
rPois    .         Spirit   .   (helmet restricted)
rElec    .         Reflect  .   (no cloak)
rCorr    .         Harm     .   (gloves unavailable)
MR       .....                  (boots unavailable)
Stlth    ++........             (no amulet)
HPRegen  0.21/turn              e - ring of magical power
MPRegen  0.14/turn              (no ring)

@: hasted, very quick
A: large, unfitting armour, tough skin 1
a: no special abilities


You were on level 4 of the Dungeon.
You were not hungry.

You visited 1 branch of the dungeon, and saw 4 of its levels.

You collected 142 gold pieces.

Inventory:

Hand Weapons
 a - a +0 mace (weapon)
Missiles
 i - 105 stones (quivered)
 j - 47 poisoned darts
Armour
 b - a +0 robe (worn)
Jewellery
 e - a ring of magical power (left hand)
 h - a cursed ring of poison resistance {unknown}
 q - an uncursed ring of see invisible {unknown}
Scrolls
 d - a scroll of fear {unknown}
 g - 8 scrolls of identify {unknown}
 l - 3 scrolls of remove curse {unknown}
 n - a scroll of enchant armour {unknown}
 r - a scroll of noise {unknown}
 s - a scroll of magic mapping {unknown}
Potions
 k - 3 potions of degeneration
 o - a potion of ambrosia {unknown}
 p - a potion of brilliance {unknown}
Comestibles
 c - 6 rations


   Skills:
 * Level 5.6 Fighting
 * Level 4.8 Maces & Flails
 + Level 3.4 Dodging
 + Level 1.8 Stealth


You had 5 spell levels left.
You didn't know any spells.
Your spell library was empty.

Dungeon Overview and Level Annotations

Branches:
Dungeon (4/15)
 Temple: D:4-7

Altars:
Cheibriados
Fedhas
Gozag
Qazlal
Sif Muna
Vehumet


Innate Abilities, Weirdness & Mutations

You are too large for most types of armour.
You have tough skin. (AC +1)


Message History

You kill the orc!
You hear some strange, mumbled words.
A puff of flame appears from out of thin air!
The puff of flame hits you!
* * * LOW HITPOINT WARNING * * *
You hit something. Something hits you but does no damage.
You barely miss something. Something hits you.
* * * LOW HITPOINT WARNING * * *
You feel better. Something hits you but does no damage.
You hit something. You closely miss something.
Something hits you but does no damage.
You miss something. Something hits you.
* * * LOW HITPOINT WARNING * * *
You closely miss something. Something hits you.
* * * LOW HITPOINT WARNING * * *
You miss something.
You hear some strange, mumbled words.
A magic dart appears from out of thin air!
The magic dart hits you!
You die...

### ..# #.# #.# ########.#
#.#. #......#.# #.#.
###.##.###.#.#########.##
.......o{@................
.....##.##).#.######.##...
###.........#.######.##.##
# ####.#.##.............
..........####.##.##
###..####..# #.##... ....
....# #.##### #### #.##.#
#.# #. #.. #.# ##


You could see an orc.

Vanquished Creatures
  A howler monkey (D:4)
  2 orc priests (D:3)
  An orc wizard (D:4)
  8 adders
  A dart slug (D:1)
  2 leopard geckos (D:2)
  4 orcs
  A ball python (D:3)
  2 giant cockroaches
  8 goblins
  4 hobgoblins
  3 jackals (D:1)
  A quokka (D:2)
  5 bats
  4 frilled lizards
  9 kobolds
  5 rats (D:1)
61 creatures vanquished.

Notes
Turn   | Place    | Note
-------+----------+-------------------------------------------
     0 | D:1      | Harunobu the Ogre Monk began the quest for the Orb.
     0 | D:1      | Reached XP level 1. HP: 24/24 MP: 1/1
   520 | D:1      | Reached XP level 2. HP: 27/32 MP: 2/2
  1321 | D:1      | Reached XP level 3. HP: 40/40 MP: 3/3
  1781 | D:2      | HP: 2/40 [poisoned by an adder]
  2103 | D:2      | Reached XP level 4. HP: 44/49 MP: 4/4
  2141 | D:2      | Found a snail-covered altar of Cheibriados.
  2142 | D:2      | Found a radiant altar of Vehumet.
  2150 | D:2      | Found a blossoming altar of Fedhas.
  2156 | D:2      | Found a shimmering blue altar of Sif Muna.
  2157 | D:2      | Found an opulent altar of Gozag.
  2163 | D:2      | Found a stormy altar of Qazlal.
  2595 | D:3      | Reached skill level 5 in Fighting
  2595 | D:3      | Reached XP level 5. HP: 34/57 MP: 5/5
  3316 | D:3      | Found a faded altar of an unknown god.
  4191 | D:4      | Reached XP level 6. HP: 47/66 MP: 6/6
  4207 | D:4      | HP: 1/66 [something (3)]
  4212 | D:4      | HP: 3/66 [something (1)]
  4213 | D:4      | Killed from afar by an orc wizard

Levels and vault maps discovered:
D:1:      tarquinn_simple_flora_water_c, layout_rooms, minmay_pentomino_t2
D:2:      layout_rooms, grunt_temple_overflow_open, first_ration
D:3:      layout_basic, chequers_ecumenical_altar_lobes, st_stairs_12,
          chequers_serial_rivers_micro_e
D:4:      minmay_razor_zed, layout_basic, okawaru_altar_gauntlet_db

Skill      XL: |  1  2  3  4 |
---------------+-------------+-----
Maces & Flails | 3 4 |  4.8
Dodging        | 3 |  3.4
Fighting       | 5 |  5.6
Stealth        | |  1.8

Action                   |  1- 3 |  4- 6 || total
-------------------------+-------+-------++-------
Melee: Mace              |   126 |   170 ||   296
Throw: Stone             |     1 |       ||     1
  Use: Potion            |     3 |     3 ||     6
 Stab: Sleeping          |     1 |     2 ||     3
  Eat: Chunk             |     4 |     4 ||     8
       Ration            |       |     1 ||     1
Armor: Robe              |    34 |    62 ||    96
Dodge: Dodged            |    89 |    98 ||   187

Table legend:
 A = Non-vault XP
 B = Vault XP
 C = Vault XP percentage of total XP
 D = Non-vault monster count
 E = Vault monster count
 F = Vault count percentage of total count
                 A         B        C        D         E       F
            +---------+---------+-------+---------+---------+-------
      Total |     374 |       4 |   1.1 |      59 |       2 |   3.3
            +---------+---------+-------+---------+---------+-------
        D:1 |      40 |       2 |   4.8 |      24 |       1 |   4.0
        D:2 |      56 |       0 |   0.0 |      10 |       0 |   0.0
        D:3 |     182 |       2 |   1.1 |      22 |       1 |   4.3
        D:4 |      96 |       0 |   0.0 |       3 |       0 |   0.0
            +---------+---------+-------+---------+---------+-------
